[Event "Early-Titled-Tuesday-Blitz-May-07-2024"]
[Site "Chess.com"]
[Date "2024.05.07"]
[Round "5"]
[White "Mischuk_D"]
[Black "valeriocarnicelli"]
[Result "1/2-1/2"]
[WhiteElo "2803"]
[BlackElo "2571"]
[TimeControl "180+1"]
[EndTime "9:00:10 PDT"]
[Termination "Game drawn by repetition"]

1. d4 Nf6 2. c4 g6 3. Nc3 Bg7 4. e4 d6 5. h3 O-O 6. Be3 e5 7. d5 a5 8. g4 Nfd7 9. Qd2 Na6 10.
Nge2 Ndc5 11. Ng3 c6 12. Be2 a4 13. h4 Bd7 14. g5 Qa5 15. Rb1 a3 16. b3 Nb4 17.
Kf1 cxd5 18. cxd5 Rac8 19. Kg2 b5 20. Rbc1 Rc7 21. h5 Rfc8 22. hxg6 hxg6 23. Nb1 Nca6 24. Rxc7 Qxc7 25. Nxa3 Qa5 26. Qb2 Nc5 27. Bd2 Ra8 28. Nc2 Qxa2 29. Qxa2 Rxa2 30. Bxb4 Rxc2 31. Rb1 Nxe4 32.
Nxe4 Rxe2 33. Nxd6 Bf8 34. Bc5 Bf5 35. Ra1 Bc2 36.
Ra8 Bxb3 37. Rb8 Bxd5+ 38. Kf1 Rc2 39. Ne4 Bxe4 40. Bxf8 Bf3 41. Kg1 Bg4 42. Bd6+ Rc8 43. Rxb5 Bf3 44. Bxe5 Re8 45. Kh2 Bg4 46. Kg3 Bf5 47. Kf4 Kh7 48. Rc5 Kg8 49. Rc1 Rc8 50.
Rh1 Rc4+ 51. Kg3 Rg4+ 52. Kf3 Be4+ 53. Kxg4 Bxh1 54. Bf6 Bd5 55. Kf4 Be6 56. Ke5 Kf8 57.
Kd6 Ke8 58. Be7 Bf5 59. Bf6 Be6 60. Kc5 Bf5 61. Kd4 Be6 62. Ke4 Bf5+ 63. Ke5 Be6 64. Bg7 Bf5 65. Bh6 Be6 66. Kf6 Bf5 67.
Bg7 Be6 68. Ke5 Bf5 69. Kd6 Be6 70. Bd4 Bf5 71. Ke5 Be6 72. Kf6 Bf5 73. Bc5 Be6 74. Bb4 Bf5 75. Ba3 Be6 76. Bb2 Bf5 77. Bc1 Be6 78. Bd2 Bf5 79. Bc3 Be6 80. Bb4 Bf5 81.
Bc3 Be6 82. Bd4 Bf5 83. f3 Be6 84. Bc5 Bf5 85. Bb4 Be6 86. Bc5 Bf5 87. Bb4 Be6 88. Bc5 1/2-1/2

[Event "Early-Titled-Tuesday-Blitz-May-07-2024"]
[Site "Chess.com"]
[Date "2024.05.07"]
[Round "5"]
[White "ubdip"]
[Black "SRob2003"]
[Result "1-0"]
[WhiteElo "2516"]
[BlackElo "2640"]
[TimeControl "180+1"]
[EndTime "9:00:11 PDT"]
[Termination "ubdip won on time"]

1. c4 e5 2. Nc3 Nf6 3. g3 g6 4. Bg2 Bg7 5. Nf3 Nc6 6. O-O O-O 7.
d3 d6 8. h3 h6 9. a3 a5 10.
Qc2 Be6 11. b3 Qd7 12. Kh2 d5 13. Bb2 Rac8 14. Rad1 b6 15. e4 d4 16. Nd5 Ne8 17. Nd2 f5 18. f4 Nd6 19. fxe5 Bxe5 20. exf5 Nxf5 21. Ne4 h5 22. Bc1 h4 23. Bf4 hxg3+ 24. Nxg3 Nxg3 25. Kxg3 Rxf4 26. Rxf4 g5 27. Kf2 Bxf4 28.
Nf6+ Kg7 29. Nxd7 Bxd7 30. Re1 Rf8 31. Kg1 Ne5 32. Qe2 Be3+ 33. Kh1 Rf2 34. Qd1 g4 35. Rf1 gxh3 36. Rxf2 Bxf2 37. Be4 Bg4 38. Qf1 Be3 39. Qe1 Bg5 40. Qg3 Kf6 41. Qf2+ Ke6 42. Qf8 c5 43.
Qc8+ Kf6 44. Qd8+ Ke6 45. Qxg5 Be2 46. Qh6+ Ke7 47. Qxh3 Bg4 48. Qh4+ Kd6 49. Qg5 Be6 50. Qf6 Nd7 51. Qg7 Ne5 52. Qf8+ Kd7 53. Qg7+ Kd6 54.
Qf6 Nd7 55. Qd8 Bg4 56. Kg2 Be6 57. Kf2 Bg4 58. Ke1 Be6 59. Kd2 Bg4 60. Kc1 Be6 61.
Kb2 Bg4 62. Qh8 Be6 63. Qh6 Ne5 64. Qf4 Bd7 65. Qf6+ Be6 66. Bf5 1-0

[Event "Early-Titled-Tuesday-Blitz-May-07-2024"]
[Site "Chess.com"]
[Date "2024.05.07"]
[Round "5"]
[White "IMGC"]
[Black "TitarovVasiliYouTube"]
[Result "1-0"]
[WhiteElo "2504"]
[BlackElo "2618"]
[TimeControl "180+1"]
[EndTime "9:00:12 PDT"]
[Termination "IMGC won by resignation"]

1. Nf3 d6 2. c4 e5 3. Nc3 Nf6 4.
g3 Be7 5. Bg2 O-O 6. O-O Re8 7. d4 Nbd7 8. e4 c6 9. h3 Bf8 10. Be3 h6 11. Qc2 exd4 12. Nxd4 a5 13. Rfe1 Nc5 14. f4 Qb6 15. Nb3 Nfd7 16. Na4 Qa7 17. e5 Qb8 18. Naxc5 Nxc5 19. Nxc5 dxc5 20.
Rad1 Qc7 21. Qf2 b6 22. Rd2 a4 23. Red1 Be6 24. b3 axb3 25. axb3 Ra3 26. Rd3 Bf5 27. Rc3 Rd8 28. Rxd8 Qxd8 29. g4 Bc8 30. Bxc6 Rxb3 31. Rxb3 Qd1+ 32. Kg2 Qxb3 33. Bd5 Be6 34. Qd2 b5 35. f5 Bc8 36. cxb5 Qxb5 37. Qa2 Bb7 38. Bxb7 Qxb7+ 39. Kg3 Qe4 40. Bf4 Qd3+ 41. Kg2 Qd4 42. Qd2 Qe4+ 43. Kg3 c4 44. Qe3 Qd5 45. e6 fxe6 46.
fxe6 Be7 47. h4 h5 48. gxh5 Qxh5 49. Bg5 Bd6+ 50. Kh3 Qe8 51. e7 Kf7 52. Qf3+ Kg8 53. Qd5+ Kh7 54. Qxd6 c3 55. Qd3+ Qg6 56. Qxg6+ Kxg6 57.
e8=Q+ Kf5 58. Qc6 1-0

[Event "Early-Titled-Tuesday-Blitz-May-07-2024"]
[Site "Chess.com"]
[Date "2024.05.07"]
[Round "5"]
[White "arenal72"]
[Black "Aisen1011"]
[Result "1-0"]
[WhiteElo "2616"]
[BlackElo "2470"]
[TimeControl "180+1"]
[EndTime "9:00:14 PDT"]
[Termination "arenal72 won by resignation"]

1. Nf3 d5 2. g3 Nf6 3. Bg2 Bf5 4. O-O e6 5. d3 h6 6. c4 c6 7. Be3 Nbd7 8. Nc3 Be7 9. Qb3 Qc8 10. Rac1 dxc4 11.
dxc4 Nc5 12. Qd1 O-O 13. Nd4 Bh7 14. b4 Nce4 15. Nxe4 Bxe4 16. Qb3 Rd8 17. Rfd1 Bxg2 18. Kxg2 Ng4 19. a3 Nxe3+ 20. Qxe3 Bg5 21. f4 e5 22. fxg5 exd4 23. Rxd4 hxg5 24. Rcd1 Rxd4 25. Rxd4 Qf5 26. Qd3 Qf6 27. Rd7 Rb8 28. c5 g6 29. Qd6 Qxd6 30.
Rxd6 Kf8 31. Kf3 Ke7 32. Rd3 Rh8 33. Kg2 g4 34. Rd4 f5 35. e4 Kf6 36. exf5 gxf5 37. Rd7 Re8 38. Kf2 Re7 39. Rd8 a6 40. Rd6+ Re6 41. Rd8 Re7 42. Rh8 Ke5 43. h3 gxh3 44. Rxh3 Kd4 45. Kf3 Re3+ 46. Kf4 Rxa3 47. Kxf5 Kd5 48.
Rh5 Rxg3 49. Kf4+ Kc4 50. Kxg3 Kxb4 51. Kf4 a5 52. Rh7 a4 53. Rxb7+ Kxc5 54. Ke3 a3 55. Kd3 a2 56. Ra7 a1=Q 57. Rxa1 1-0

[Event "Early-Titled-Tuesday-Blitz-May-07-2024"]
[Site "Chess.com"]
[Date "2024.05.07"]
[Round "5"]
[White "Aklan10n"]
[Black "JoliyRoger"]
[Result "0-1"]
[WhiteElo "2212"]
[BlackElo "2400"]
[TimeControl "180+1"]
[EndTime "9:00:14 PDT"]
[Termination "JoliyRoger won on time"]

1. e4 c6 2. d4 d5 3. exd5 cxd5 4.
c4 Nf6 5. Nc3 e6 6. Nf3 Bb4 7.
Qc2 Nc6 8. c5 O-O 9. Bd3 b6 10.
O-O bxc5 11. dxc5 Bxc5 12. Bg5 Nb4 13. Qd2 Nxd3 14. Qxd3 Be7 15. Rfc1 h6 16. Be3 a5 17. Na4 Ba6 18. Qd1 Rc8 19. Ne5 Bb5 20. Nb6 Rb8 21. Nc6 Bxc6 22. Rxc6 Nd7 23. Na4 Ne5 24. Ra6 Nc4 25.
Bd4 Qc8 26. Ra7 Re8 27. b3 Nd6 28. Be5 Rb7 29. Rc1 Rxa7 30. Rxc8 Rxc8 31. g3 Ne8 32.
Qd2 Bb4 33. Qe3 Rb7 34. Bd4 Nf6 35. Bxf6 gxf6 36. Qxh6 Be7 37. h4 Rd8 38. h5 d4 39.
Nb2 d3 40. Nc4 Rb5 41. g4 Rg5 42. Nd2 Rxg4+ 43. Kf1 Rg5 44. f4 Rf5 45. Kf2 Rd4 46.
Ke3 Rdxf4 47. Kxd3 Bb4 48. Ne4 Rf3+ 49. Ke2 Bf8 50. Qd2 R3f4 51. Ke3 Rh4 52. Qg2+ Bg7 0-1

[Event "Early-Titled-Tuesday-Blitz-May-07-2024"]
[Site "Chess.com"]
[Date "2024.05.07"]
[Round "5"]
[White "Aygehovit1992"]
[Black "DanielNaroditsky"]
[Result "1-0"]
[WhiteElo "2864"]
[BlackElo "3060"]
[TimeControl "180+1"]
[EndTime "9:00:15 PDT"]
[Termination "Aygehovit1992 won by checkmate"]

1. e4 Nf6 2. e5 Nd5 3. d4 d6 4.
Nf3 dxe5 5. Nxe5 c6 6. Be2 Bf5 7. O-O Nd7 8. Nf3 e6 9. a3 Bd6 10. c4 N5f6 11. Nc3 h6 12. b4 O-O 13. Bb2 e5 14. c5 Bc7 15. d5 cxd5 16. Nxd5 Nxd5 17. Qxd5 Be6 18. Qxb7 Nxc5 19. Qc6 Nd7 20. Rfd1 Rc8 21.
Ba6 Rb8 22. Rac1 Bb6 23. Nxe5 Qf6 24. Nxd7 Qxf2+ 25. Kh1 Bxd7 26. Qc3 f6 27. Rxd7 Rbe8 28. Rf1 Qh4 29. Qg3 Qxg3 30. hxg3 Re4 31. Kh2 Rfe8 32. Bd3 Re3 33. Bg6 Rf8 34. Bd4 Bxd4 35. Rxd4 Rxa3 36. Re1 Ra6 37. g4 Kh8 38. Re7 Ra4 39. Rdd7 Rg8 40. Bf7 Rb8 41. Be6 Ra6 42. b5 Rab6 43. Bc4 Rc8 44. Rc7 Rxc7 45. Rxc7 Kh7 46. Rxa7 Kg6 47. Kg3 Rd6 48. Rc7 h5 49. gxh5+ Kh6 50. Rc6 Rd2 51. b6 Rb2 52. Kf3 Kxh5 53. Ke4 Kg4 54. Kd5 Kg3 55. Kc5 Kxg2 56. Rc7 g5 57. b7 f5 58. Bb5 Rc2+ 59. Kb6 Rf2 60. b8=Q g4 61. Bc6+ Kg3 62. Rf7+ f4 63. Qe5 Kh2 64.
Rxf4 Rxf4 65. Qxf4+ g3 66. Qh4+ Kg1 67. Qxg3+ Kf1 68.
Qh2 Ke1 69. Bf3 Kf1 70. Qg2+ Ke1 71. Qe2# 1-0

[Event "Early-Titled-Tuesday-Blitz-May-07-2024"]
[Site "Chess.com"]
[Date "2024.05.07"]
[Round "5"]
[White "N_I_Chess"]
[Black "Shuvalov"]
[Result "1/2-1/2"]
[WhiteElo "2338"]
[BlackElo "2572"]
[TimeControl "180+1"]
[EndTime "9:00:15 PDT"]
[Termination "Game drawn by repetition"]

1. d4 Nf6 2. c4 g6 3. Nc3 d5 4. cxd5 Nxd5 5. Bd2 c5 6. dxc5 Bg7 7. Rc1 Nxc3 8.
Bxc3 Bxc3+ 9. Rxc3 Qxd1+ 10. Kxd1 Be6 11. b3 Nc6 12. Nf3 Nb4 13. a3 O-O-O+ 14. Ke1 Bxb3 15.
Nd2 Rxd2 16. Kxd2 Rd8+ 17. Kc1 Na2+ 18. Kb2 Nxc3 19. Kxc3 Ba4 20. g3 Bc6 21. f3 f5 22.
Bg2 Rd5 23. e4 Rxc5+ 24. Kd4 Rc2 25. Bh3 Bd7 26. Ke5 Rc3 27. a4 Rxf3 28. exf5 Bxf5 29. Rc1+ Kd8 30. Bg2 Rb3 31. Kf4 Rb4+ 32. Kg5 Rxa4 33. Bxb7 Rb4 34. Bf3 a5 35. Kh6 a4 36. Kxh7 a3 37. Ra1 Ra4 38. Bd5 Kd7 39. Bb3 Ra8 40. g4 Bd3 41. Kg7 Kc6 42. h4 Kc5 43. h5 gxh5 44.
gxh5 e5 45. h6 Kb4 46. Bd5 Ra7+ 47. Bf7 Kc3 48. Kg8 Kd2 49. Kg7 Bc4 50. Rf1 Bxf1 51. h7 Ra8 52. Bg8 Bc4 53. Bxc4 Ra7+ 54. Bf7 Ra8 55. Bg8 Ra7+ 56. Bf7 Ra8 57. Bg8 Ra7+ 58. Bf7 1/2-1/2

[Event "Early-Titled-Tuesday-Blitz-May-07-2024"]
[Site "Chess.com"]
[Date "2024.05.07"]
[Round "5"]
[White "laysa_latifah"]
[Black "Jojo_898"]
[Result "0-1"]
[WhiteElo "2192"]
[BlackElo "2437"]
[TimeControl "180+1"]
[EndTime "9:00:16 PDT"]
[Termination "Jojo_898 won by resignation"]

1. e4 d6 2. d4 Nf6 3. Bd3 g6 4. h3 Bg7 5. Nf3 Nbd7 6. c3 e5 7. Be3 O-O 8. Nbd2 c6 9. O-O Qc7 10. Qc2 Nh5 11. Rfe1 Nf4 12. Bxf4 exf4 13. a4 Re8 14.
Nc4 Nf8 15. Qd2 Bh6 16. e5 d5 17. Nd6 Rd8 18. c4 Be6 19. Rac1 Qd7 20. h4 Bg4 21. Ng5 Bxg5 22. hxg5 Ne6 23. f3 Bh5 24. cxd5 cxd5 25. Bc2 Qe7 26. Bb3 Qxg5 27. Qf2 Rab8 28. Rc5 b6 29.
Rxd5 Qe7 30. Ne4 Rxd5 31. Bxd5 Kg7 32. Bc6 Rd8 33. d5 Nc5 34. Nf6 Nd3 35. Qe2 Nxe1 36. Qxe1 Qc5+ 37. Kh2 Qe3 38. Qh4 Qxe5 39. Nxh5+ Qxh5 40. Qxh5 gxh5 41. Kh3 Kg6 42. Kh4 Re8 43. d6 Rd8 44. d7 Kf6 45. Kxh5 Ke7 46. Kh6 Kd6 47. Bb5 a6 48. Bxa6 Rxd7 49. Kxh7 Ke5 50. Kg7 f6+ 51. Kg6 Rd2 52. Kf7 Rxg2 53. b4 Rb2 54. b5 Ra2 55. Bb7 Rxa4 56. Bc6 Ra3 57. Kg6 Rc3 58. Kf7 Rxc6 59.
bxc6 Kd6 60. Kxf6 b5 61. Kf5 b4 62. Ke4 Kxc6 63. Kd4 Kb5 64. Kd3 Ka4 0-1

[Event "Early-Titled-Tuesday-Blitz-May-07-2024"]
[Site "Chess.com"]
[Date "2024.05.07"]
[Round "5"]
[White "Sanyura"]
[Black "kuchma777"]
[Result "0-1"]
[WhiteElo "2611"]
[BlackElo "2506"]
[TimeControl "180+1"]
[EndTime "9:00:17 PDT"]
[Termination "kuchma777 won on time"]

1. e4 c6 2. Nc3 d5 3. d4 dxe4 4.
Nxe4 Nf6 5. Ng3 h5 6. h4 Bg4 7.
Nf3 e6 8. Bg5 Bd6 9. Be2 Nbd7 10.
c3 Qc7 11. Nf1 O-O-O 12. Ne3 Kb8 13. Qa4 e5 14. dxe5 Nxe5 15. Nxe5 Bxe5 16. Bxg4 hxg4 17. Bxf6 Bxf6 18. Qxg4 Qb6 19. h5 Qc5 20. Rd1 Bg5 21. Rxd8+ Rxd8 22. O-O Bxe3 23. Qg3+ Ka8 24. fxe3 Qxh5 25.
Qxg7 Qc5 26. Re1 f5 27. Qf6 Re8 28. Qd4 Qe7 29. Rf1 Qe6 30. Qf4 a6 31. Qxf5 Qxe3+ 32. Qf2 Qd3 33. Re1 Rd8 34. Qe2 Qd5 35. a4 Rg8 36.
Qf2 Rd8 37. Qf3 Qb3 38. a5 Qxb2 39. Qe3 Qa3 40. Qb6 Rb8 41. Re3 Qc1+ 42. Kf2 Qd2+ 43. Kg3 Rg8+ 44. Kf4 Rf8+ 45. Ke4 Qxg2+ 46. Kd4 Qd2+ 47.
Kc4 Rb8 48. Kb4 Qb2+ 49. Kc5 Qa3+ 50. Kc4 Qa2+ 51. Kc5 Rf8 52. Re5 Qa3+ 53. Kc4 Qa4+ 54. Kc5 Qa3+ 55. Kc4 Qc1 56. Qc5 Qf1+ 57. Kb3 Qb1+ 58.
Kc4 Rf4+ 0-1

[Event "Early-Titled-Tuesday-Blitz-May-07-2024"]
[Site "Chess.com"]
[Date "2024.05.07"]
[Round "5"]
[White "NigiriSushies"]
[Black "GMthekingindian"]
[Result "1-0"]
[WhiteElo "2417"]
[BlackElo "2253"]
[TimeControl "180+1"]
[EndTime "9:00:19 PDT"]
[Termination "NigiriSushies won by checkmate"]

1. d4 d5 2. c4 e6 3. Nc3 Nf6 4. cxd5 exd5 5. Bg5 Be7 6. Nf3 c6 7. e3 Nbd7 8. Bd3 O-O 9. O-O Re8 10. Qc2 h6 11.
Bh4 Ne4 12. Bxe7 Qxe7 13. a3 f5 14. b4 a6 15. Na4 g5 16. Nc5 g4 17. Nxd7 gxf3 18.
Ne5 fxg2 19. Kxg2 Be6 20. Kh1 Kh7 21. f3 Nd6 22. Rg1 Rg8 23. a4 Rxg1+ 24. Rxg1 Rg8 25. Rxg8 Kxg8 26. Qg2+ Qg5 27. h4 Qxg2+ 28. Kxg2 Kg7 29. Kg3 Kf6 30. Kf4 Bc8 31. a5 Be6 32. Be2 Bc8 33. Bf1 Ne8 34. Nd3 Ng7 35. Kg3 f4+ 36. Nxf4 Nf5+ 37.
Kf2 Nxh4 38. Nd3 Ng6 39. Nc5 Nf8 40. Ke2 Ne6 41. Bh3 Nxd4+ 42. exd4 Bxh3 43. Nxb7 h5 44. Kf2 Bc8 45. Nc5 h4 46. Nd3 Kg5 47. Ne5 Bb7 48. Nf7+ Kf4 49. Nd8 Ba8 50. Ne6+ Kf5 51. Nc7 Bb7 52. b5 axb5 53. a6 Bxa6 54. Nxa6 Ke6 55. Nc5+ Kd6 56. Kg2 b4 57. Kh3 Kc7 58. f4 Kb6 59. f5 Kb5 60. f6 Kc4 61. f7 Kxd4 62.
Nb3+ Kc3 63. Na5 b3 64. f8=Q b2 65. Qf3+ Kc2 66. Qb3+ Kc1 67. Qc3+ Kb1 68. Nxc6 Ka1 69. Nb4 Kb1 70. Nd3 Ka2 71. Qxb2# 1-0

[Event "Early-Titled-Tuesday-Blitz-May-07-2024"]
[Site "Chess.com"]
[Date "2024.05.07"]
[Round "5"]
[White "FXDon77"]
[Black "Rud_Makarian"]
[Result "1-0"]
[WhiteElo "2877"]
[BlackElo "3050"]
[TimeControl "180+1"]
[EndTime "9:00:20 PDT"]
[Termination "FXDon77 won on time"]

1. e4 c5 2. Nf3 d6 3. Bb5+ Nd7 4. d4 cxd4 5. Nxd4 a6 6. Bd3 Ngf6 7. O-O e6 8. c4 b6 9. Nc3 Bb7 10. Re1 Be7 11.
f3 O-O 12. Be3 Re8 13. Bf1 Rc8 14. Rc1 Qc7 15. Kh1 Qb8 16. b4 h5 17. a3 h4 18.
Qd2 h3 19. gxh3 d5 20. exd5 exd5 21. Nf5 Bf8 22. Nxd5 Nxd5 23. cxd5 Rxc1 24. Rxc1 Qe5 25. Bd3 Bxd5 26. Bd4 Qe6 27. Qg5 g6 28. Nh6+ Kh7 29.
Nf5 Bxf3+ 30. Kg1 Qd5 31. Qh4+ Bh5 32. Qxh5+ gxh5 33. Ne7+ Qe4 34. Bxe4+ Kh6 35. Nf5+ Kg5 36. Bd3 Ne5 37. Bxe5 Rxe5 38. Ng3 a5 39. bxa5 Bxa3 40. Rf1 bxa5 41. Rxf7 h4 42. Ne4+ Kh6 43. Rf6+ Kg7 44. Ra6 Rd5 45. Be2 Bb4 46. Kg2 Rf5 47. Bg4 Re5 48.
Bf3 Rf5 49. Nf2 Rg5+ 50. Bg4 Rc5 51. Nd3 Rc2+ 52. Kf3 Be7 53. Rxa5 Rxh2 54. Nf2 1-0

[Event "Early-Titled-Tuesday-Blitz-May-07-2024"]
[Site "Chess.com"]
[Date "2024.05.07"]
[Round "5"]
[White "slorovel"]
[Black "SchmakAttack"]
[Result "0-1"]
[WhiteElo "2526"]
[BlackElo "2780"]
[TimeControl "180+1"]
[EndTime "9:00:20 PDT"]
[Termination "SchmakAttack won on time"]

1. e4 c5 2. Nf3 Nc6 3. Bb5 Nf6 4.
Nc3 Qc7 5. O-O Nd4 6. Re1 e5 7. Bc4 Be7 8. d3 h6 9. a4 d6 10. Nd5 Nxd5 11. Bxd5 Bg4 12. c3 Nxf3+ 13. gxf3 Be6 14.
Qb3 Bxd5 15. Qxd5 Qc6 16. c4 Qd7 17. Kf1 g5 18. Ke2 Bd8 19. Bd2 Qc6 20. Rg1 Qxd5 21. cxd5 Kd7 22. b3 Be7 23. Rg3 Raf8 24. Rh3 f5 25.
Rh5 f4 26. Rg1 Bd8 27. Bc3 Ke8 28. Kf1 Kf7 29. Ke2 Be7 30. Kd2 Rc8 31. Bb2 Kg6 32. Rh4 h5 33. Rh3 Kf6 34. Bc3 Rcg8 35. Ke2 Rc8 36. Kd2 b6 37. Rg2 a6 38. Rg1 Ra8 39.
Ra1 b5 40. axb5 axb5 41. Rxa8 Rxa8 42. Rxh5 Kg6 43. Rh3 Ra2+ 44. Ke1 b4 45. Bd2 Bf6 46. Kd1 Rb2 47. Kc1 Rxb3 48. Kc2 Ra3 49. Bc1 Ra2+ 50. Bb2 Ra8 51. Kc1 Rc8 52. Kd2 c4 53. dxc4 Rxc4 54. Kd3 Rc8 55. Kd2 b3 56. Kd1 Rc2 57. Ba3 Rxf2 58. Bc1 b2 59. Bxb2 Rxb2 60. Ke1 Rb3 61. Kf2 g4 0-1

[Event "Early-Titled-Tuesday-Blitz-May-07-2024"]
[Site "Chess.com"]
[Date "2024.05.07"]
[Round "5"]
[White "highlama"]
[Black "WindWhistler11"]
[Result "1-0"]
[WhiteElo "2410"]
[BlackElo "2548"]
[TimeControl "180+1"]
[EndTime "9:00:20 PDT"]
[Termination "highlama won by checkmate"]

1. c4 Nf6 2. Nf3 d6 3. d4 Nbd7 4. g3 e5 5. Bg2 Be7 6. O-O O-O 7. Nc3 c6 8. b3 Qc7 9. e4 Re8 10. Re1 a6 11. Bb2 b5 12. Rc1 bxc4 13. bxc4 Rb8 14.
Ba1 a5 15. c5 dxc5 16. dxe5 Ng4 17. e6 fxe6 18. Bh3 Nde5 19. Na4 Rf8 20. Nxe5 Nxe5 21.
Nxc5 Nf3+ 22. Kg2 Nxe1+ 23. Qxe1 Rb5 24. Nxe6 Bxe6 25. Bxe6+ Kh8 26. f3 Bg5 27. Rc2 Qe7 28. Bb3 c5 29. f4 Bh6 30. Bc3 c4 31. Bxc4 Rc5 32. Bd4 Rc7 33. Bb3 Rxc2+ 34. Bxc2 Rc8 35. Bb3 Rd8 36. Be5 Qa3 37. Qc3 a4 38. Bd5 Qxc3 39.
Bxc3 Rc8 40. Bd4 Rc2+ 41. Kh3 Rd2 42. Be5 Rc2 43. g4 Rd2 44. g5 Rd3+ 45. Kg4 Bxg5 46. Kxg5 Rd2 47. h4 Rg2+ 48. Kf5 Rh2 49. Ke6 Rxh4 50.
Kf7 Rg4 51. Be6 Rg2 52. f5 h5 53. f6 gxf6 54. Bxf6+ Kh7 55. Bf5+ Kh6 56. e5 h4 57. e6 h3 58. Bxh3 Re2 59. e7 Rxa2 60. e8=Q Rg2 61. Qh8# 1-0

[Event "Early-Titled-Tuesday-Blitz-May-07-2024"]
[Site "Chess.com"]
[Date "2024.05.07"]
[Round "5"]
[White "Silvederione"]
[Black "IMchanged"]
[Result "0-1"]
[WhiteElo "2499"]
[BlackElo "2758"]
[TimeControl "180+1"]
[EndTime "9:00:21 PDT"]
[Termination "IMchanged won by checkmate"]

1. d4 g6 2. Nc3 Bg7 3. Bf4 c5 4. dxc5 Qa5 5. Bd2 Qxc5 6. e4 d6 7. Nf3 Bg4 8. h3 Bxf3 9. Qxf3 Nc6 10. Bd3 Ne5 11. Qe2 Nxd3+ 12. cxd3 Nf6 13. O-O O-O 14. Rac1 Qb6 15. Be3 Qa6 16. Rc2 Rfc8 17. Rfc1 b5 18. d4 Qb7 19. e5 Nd5 20. Nxd5 Rxc2 21. Nxe7+ Qxe7 22. Qxc2 dxe5 23. Qc6 Rd8 24. d5 Qb4 25. Qc7 Bf6 26. d6 Qxd6 27. Qxd6 Rxd6 28. Bxa7 Ra6 29.
Bc5 Rxa2 30. Ba3 h5 31. Rc8+ Kg7 32. Rb8 Ra1+ 33. Kh2 Rf1 34. Kg3 e4 35. Rxb5 h4+ 36. Kg4 Rxf2 37. g3 Rg2 38. Kf4 Rxg3 39. Kxe4 Rxh3 40. Rb8 Rg3 41. Bf8+ Kh7 42. Bd6 Rg4+ 43. Kd5 Rd4+ 44. Kc6 h3 45. Rf8 Rxd6+ 46. Kxd6 Kg7 47.
Rc8 Bxb2 48. Rc2 g5 49. Rxb2 g4 50. Ke5 g3 51. Kf4 h2 52. Rg2 h1=Q 53. Rxg3+ Kf6 54. Kg4 Ke5 55. Rf3 Qh7 56. Rg3 Qf5+ 57. Kh4 Qf4+ 58. Kh3 f5 59. Kg2 Qe4+ 60. Kf2 f4 61. Rg5+ Kf6 62.
Rg2 Qe3+ 63. Kf1 f3 64. Rc2 Qd3+ 65. Ke1 Qxc2 66. Kf1 Qe2+ 67. Kg1 Qg2# 0-1

[Event "Early-Titled-Tuesday-Blitz-May-07-2024"]
[Site "Chess.com"]
[Date "2024.05.07"]
[Round "5"]
[White "Levanzovsky"]
[Black "Kunalm64"]
[Result "1/2-1/2"]
[WhiteElo "2500"]
[BlackElo "2629"]
[TimeControl "180+1"]
[EndTime "9:00:22 PDT"]
[Termination "Game drawn - insufficient material"]

1. e4 c6 2. d4 d5 3. e5 Bf5 4.
Nf3 e6 5. Be2 Nd7 6. O-O h6 7. Nbd2 Ne7 8. c3 Ng6 9. Nb3 f6 10. Re1 fxe5 11. dxe5 Be7 12. Nfd4 Ngf8 13. Nxf5 exf5 14. e6 Nf6 15. Nd4 g6 16. Nxf5 Qc7 17.
Nxe7 Qxe7 18. Bf4 Nxe6 19. Bg4 Nxg4 20. Qxg4 Kd7 21. Bg3 h5 22. Qxg6 Rag8 23. Qf5 h4 24. Be5 Rg5 25. Qf6 Rhg8 26. Qxe7+ Kxe7 27. g3 hxg3 28. hxg3 Kd7 29. Kg2 Nc5 30. Bf4 R5g7 31. Rad1 Rg4 32.
Kf3 Ne6 33. Be3 R4g7 34. c4 Rf7+ 35. Kg2 Nc7 36. Bxa7 Ra8 37. Bb6 Rxa2 38. Bxc7 Kxc7 39. cxd5 Rxb2 40. Rf1 c5 41. g4 c4 42. Kg3 b5 43. g5 c3 44. f4 c2 45. Rc1 b4 46.
g6 Rg7 47. f5 b3 48. Kg4 Kd6 49. Kg5 Ra2 50. f6 Rg8 51. f7 Raa8 52. fxg8=Q Rxg8 53. Kh6 Kxd5 54. g7 Kd4 55. Kh7 Rxg7+ 56. Kxg7 Kc3 57. Kf6 b2 58. Rf3+ Kd2 59. Rxc2+ Kxc2 60. Rf2+ Kc1 61. Rxb2 Kxb2 1/2-1/2

[Event "Early-Titled-Tuesday-Blitz-May-07-2024"]
[Site "Chess.com"]
[Date "2024.05.07"]
[Round "5"]
[White "Silent-Killer100"]
[Black "CruzWilliam"]
[Result "1/2-1/2"]
[WhiteElo "2564"]
[BlackElo "2407"]
[TimeControl "180+1"]
[EndTime "9:00:25 PDT"]
[Termination "Game drawn - insufficient material"]

1. f4 Nf6 2. Nf3 g6 3. g3 Bg7 4. Bg2 O-O 5. O-O d5 6. d3 c5 7. Qe1 d4 8. e4 dxe3 9. Qxe3 Nbd7 10. Nc3 Rb8 11. h3 b6 12. Ne5 Nxe5 13. fxe5 Ne8 14. Bd2 Bb7 15. Rae1 Nc7 16. Bxb7 Rxb7 17. Qe4 Qd4+ 18.
Kg2 Qxe4+ 19. Rxe4 Ne6 20. Ne2 Rd8 21. Nf4 Nxf4+ 22.
gxf4 e6 23. Ra4 b5 24. Ra5 c4 25. Rf3 cxd3 26. Rxd3 Rxd3 27. cxd3 g5 28. Kf3 gxf4 29.
Bxf4 f6 30. Ke4 b4 31. Be3 f5+ 32. Kf3 Rd7 33. Ke2 Rc7 34. Kd2 Kf7 35. Rxa7 Rxa7 36.
Bxa7 Bxe5 37. d4 Bd6 38. Kd3 Ke8 39. Kc4 Kd7 40. Bc5 Bxc5 41. Kxc5 f4 42. Kc4 Kd6 43. a4 bxa3 44. bxa3 Kc6 45. a4 Kb6 46. Kd3 Ka5 47. Ke4 Kxa4 48. Kxf4 Kb4 49. Ke5 Kc4 50. h4 h5 51. Kxe6 Kxd4 52. Kf5 Kd5 53. Kg5 Ke5 54. Kxh5 Kf5 55. Kh6 Kf6 56. Kh7 Kf7 57. h5 Kf8 58. Kh8 Kf7 59. Kh7 Kf8 60. Kg6 Kg8 61. h6 Kh8 62. Kg5 Kg8 63. Kh5 Kh8 64. Kg6 Kg8 65.
Kf6 Kh8 66. Kf7 Kh7 67. Kf6 Kxh6 1/2-1/2

[Event "Early-Titled-Tuesday-Blitz-May-07-2024"]
[Site "Chess.com"]
[Date "2024.05.07"]
[Round "5"]
[White "2Coaches1Profile"]
[Black "sudtirolese06"]
[Result "1-0"]
[WhiteElo "2578"]
[BlackElo "2427"]
[TimeControl "180+1"]
[EndTime "9:00:26 PDT"]
[Termination "2Coaches1Profile won by resignation"]

1. e4 g6 2. d4 Bg7 3. Nf3 d6 4. c3 Nf6 5. Bd3 O-O 6. O-O e5 7. h3 Nc6 8. Re1 Re8 9. d5 Ne7 10. c4 Rf8 11. b4 a5 12. bxa5 Rxa5 13. Nbd2 b6 14. Nb3 Ra8 15. a4 Nd7 16. a5 bxa5 17. Rxa5 Rxa5 18. Nxa5 Nc5 19. Be3 Nxd3 20. Qxd3 f5 21.
Bg5 h6 22. Bxe7 Qxe7 23. exf5 gxf5 24. Nd4 Qf7 25. Ndc6 f4 26. c5 Kh8 27. cxd6 cxd6 28. Nc4 Bf5 29. Qd2 Qg6 30. Kh2 Rg8 31. Ne7 Qf6 32.
Nxg8 Kxg8 33. Qb4 Bf8 34. Nd2 Qg6 35. Ne4 Be7 36. g4 fxg3+ 37. Nxg3 Kf7 38. Re3 Ke8 39. Qb8+ Bd8 40. Kg2 h5 41. Rxe5+ dxe5 42. Qxe5+ Be6 43. Qxe6+ Qxe6 44. dxe6 Ke7 45. Nxh5 Kxe6 46. Kf3 Kf5 47. Ng7+ Kf6 48. Ne8+ Ke7 49. Ng7 Kf6 50. Nh5+ Kg5 51. Nf4 Bb6 52. Nd5 Bc5 53. Kg3 Bd6+ 54. f4+ Kf5 55.
Kf3 Bb8 56. Ne3+ Kg6 57. Kg4 Ba7 58. Nd5 Bf2 59. h4 Kf7 60. f5 Bd4 61. Kg5 Bb2 62. h5 Kg7 63. f6+ Kf7 64. Kf5 Bc1 65. Nb6 Bb2 66.
Nd7 Ke8 67. Ke6 Bxf6 68. Kxf6 Kxd7 69. Kg7 Ke7 70. h6 1-0

[Event "Early-Titled-Tuesday-Blitz-May-07-2024"]
[Site "Chess.com"]
[Date "2024.05.07"]
[Round "5"]
[White "azikom"]
[Black "mary-sanna"]
[Result "1-0"]
[WhiteElo "2733"]
[BlackElo "2217"]
[TimeControl "180+1"]
[EndTime "9:00:27 PDT"]
[Termination "azikom won on time"]

1. c4 e5 2. Nc3 Bc5 3. e3 c6 4. Nf3 Qe7 5. d4 exd4 6. Nxd4 d6 7. Be2 Nf6 8. O-O O-O 9. a3 a5 10. b3 Re8 11. Bb2 Nbd7 12. Na4 Ba7 13. Nf5 Qe6 14. Nxd6 Re7 15. Nxc8 Rxc8 16. Bd4 Bb8 17. g3 h5 18. Bxh5 Qh3 19. Bf3 Ne5 20. Bg2 Qh5 21.
Qxh5 Nxh5 22. Rfd1 Rce8 23. Nc5 Nf6 24. Nd3 Nfd7 25.
Nxe5 Nxe5 26. c5 g5 27. h3 f6 28. b4 axb4 29. axb4 Kf7 30. Kf1 Bc7 31. Rab1 Nc4 32. b5 Na3 33. b6 Nxb1 34. Rxb1 Bb8 35. g4 Be5 36. Bf3 Bxd4 37. exd4 Rd7 38. Ra1 Rxd4 39. Ra7 Re7 40. Be2 Rd5 41. Bc4 Ke6 42. Ra8 Ke5 43.
Bxd5 Kxd5 44. Ra5 Kc4 45. Kg2 Kb4 46. Ra1 Kxc5 47. Rb1 Re4 48. Rb3 Rb4 49. Rf3 Kxb6 50.
Rxf6 Rb5 51. h4 gxh4 52. f4 Ka5 53. g5 c5 54. Rf8 Rb3 55. Kh2 c4 56. g6 Rg3 57. f5 c3 58. Rc8 b5 59. Rc7 Kb4 60. g7 1-0